 Dungeon Crawl Stone Soup version 0.17-a0-2055-gb4e23be (webtiles) character file.

3146 Ijustatesigmund the Destroyer (level 9, -4/55 HPs)
             Began as an Octopode Conjurer on Oct 11, 2015.
             Was a Believer of Sif Muna.
             Slain by a wyvern (9 damage)
             ... on level 8 of the Dungeon.
             The game lasted 00:39:20 (11367 turns).

Ijustatesigmund the Destroyer (Octopode Conjurer)  Turns: 11367, Time: 00:39:21

Health: -4/55      AC:  1    Str:  9    XL:     9   Next: 93%
Magic:  0/15       EV: 12    Int: 20    God:    Sif Muna [**....]
Gold:   338        SH:  0    Dex: 13    Spells: 4 memorised, 6 levels left

rFire  . . .     SeeInvis .     g - +2 hand axe (freeze)
rCold  . . .     Clarity  .     (no shield)
rNeg   . . .     SustAt   .     (helmet restricted)
rPois  .         Gourm    .     w - amulet of guardian spirit
rElec  .         Spirit   +     d - +2 ring of strength
rCorr  .         Warding  .     i - ring of wizardry
rMut   .         Stasis   .     z - ring of flight
MR     .....                    (no ring)
Stlth  +++++.....               (no ring)
                                (no ring)
                                (no ring)
                                (no ring)

@: not resistant to hostile enchantments, quite stealthy
A: almost no armour, amphibious, 8 rings, constrict 8, camouflage 1, gelatinous
body 1
a: Channel Energy, Forget Spell, Renounce Religion, Evoke Flight


You were on level 8 of the Dungeon.
You worshipped Sif Muna.
Sif Muna was pleased with you.
You were not hungry.

You visited 2 branches of the dungeon, and saw 9 of its levels.

You collected 338 gold pieces.

Inventory:

Hand Weapons
 g - a +2 hand axe of freezing (weapon)
 h - a +1 dagger
 E - a +0 hunting sling
Missiles
 l - 8 sling bullets
 x - 18 javelins (quivered)
Jewellery
 d - a +2 ring of strength (left tentacle)
 i - a ring of wizardry (right tentacle)
 w - an amulet of guardian spirit (around mantle)
 z - a ring of flight (on tentacle)
Wands
 v - a wand of flame (30)
 H - a wand of disintegration (12)
Scrolls
 j - a scroll of fog
 m - 3 scrolls of teleportation
 p - 3 scrolls of remove curse
 r - 2 scrolls of fear
 y - a scroll of amnesia
 G - 2 scrolls of immolation
Potions
 c - 5 potions of curing
 e - 3 potions of might
 k - 5 potions of mutation
 n - a potion of heal wounds
 o - 2 potions of brilliance
 q - 3 potions of agility
 s - a potion of haste {unknown}
 u - a potion of cancellation
 B - 2 potions of lignification
Books
 a - a book of Conjurations

   Spells                             Type                      Level
   a - Magic Dart                     Conjuration                  1
   b - Searing Ray                    Conjuration                  2
   c - Dazzling Spray                 Conjuration/Hexes            3
   d - Fulminant Prism                Conjuration/Hexes            4
   e - Iskenderun's Mystic Blast      Conjuration                  4
   f - Iskenderun's Battlesphere      Conjuration/Charms           5
 t - Sif Muna's Volume of Sinister Secrets
   (You found it on level 3 of the Dungeon)

   Spells                             Type                      Level
   a - Animate Skeleton               Necromancy                   1
 C - a book of Changes

   Spells                             Type                      Level
   a - Beastly Appendage              Transmutation                1
   b - Sticks to Snakes               Transmutation                2
   c - Spider Form                    Transmutation/Poison         3
   d - Ice Form                       Ice/Transmutation            4
   e - Blade Hands                    Transmutation                5
 D - a book of Callings

   Spells                             Type                      Level
   a - Summon Small Mammal            Summoning                    1
   b - Call Imp                       Summoning                    2
   c - Call Canine Familiar           Summoning                    3
   d - Summon Guardian Golem          Hexes/Summoning              3
   e - Summon Lightning Spire         Summoning/Air                4
   f - Summon Ice Beast               Ice/Summoning                4
Comestibles
 b - 7 bread rations
 f - 4 meat rations
 A - a slice of pizza
 I - 5 chunks of flesh
 K - 6 beef jerkies


   Skills:
 - Level 2.5 Fighting
 - Level 3.4(4.0) Slings
 - Level 3.1(3.9) Throwing
 - Level 2.0 Dodging
 - Level 6.4 Stealth
 - Level 1.0 Unarmed Combat
 + Level 4.0 Spellcasting
 + Level 10.4 Conjurations
 - Level 3.0 Hexes
 - Level 3.5 Invocations


You had 6 spell levels left.
You knew the following spells:

 Your Spells              Type           Power        Failure   Level  Hunger
a - Magic Dart            Conj           ####         1%          1    None
b - Searing Ray           Conj           #####.       1%          2    #......
c - Dazzling Spray        Conj/Hex       ####....     1%          3    ###....
d - Iskenderun's Mystic   Conj           #####...     1%          4    ####...


Dungeon Overview and Level Annotations

Branches:
Dungeon (8/15)             Temple (1/1) D:4
   Lair: D:8-11

Altars:
Ashenzari
Cheibriados
Dithmenos
Elyvilon
Fedhas
Kikubaaqudgha
Makhleb
Nemelex Xobeh
Okawaru
Qazlal
Ru
Sif Muna
Trog
Vehumet
Xom
Yredelemnul
The Shining One


Innate Abilities, Weirdness & Mutations

You cannot wear most types of armour.
You are amphibious.
You can wear up to eight rings at the same time.
You can use your tentacles to constrict eight enemies at once.
Your skin changes colour to match your surroundings (Stealth).
Your rubbery body absorbs attacks (AC +1).


Message History

Casting: Searing Ray
Confirm with . or Enter, or press ? or * to list all spells.
Aiming: Searing Ray
Press: ? - help, Shift-Dir - straight line, f/p - wyvern
Aim: a wyvern (severely wounded)
The searing ray misses the wyvern.
The wyvern bites you!
The searing ray hits the wyvern.
The wyvern is severely wounded.
The orc shouts!
The wyvern hisses menacingly.
The wyvern closely misses you.
The orc moves out of view.
The wyvern bites you!
An ice beast comes into view.
The searing ray hits the wyvern.
The wyvern is almost dead.
The wyvern bites you!
* * * LOW HITPOINT WARNING * * *
An orc warrior comes into view. It is wielding a hand axe of flaming.
Without enough magic to sustain it, your searing ray dissipates.
The wyvern misses you.
The orc warrior moves out of view.
The wyvern bites you!
You die...

.# .# .##
######...# .
####......#.##..
...........>..
#.._..##.####
#...@l.......
.#.....##.###
.Y..?.......#
...#.###.#..# ..
#. ...#..# . #
#####..########
##.#......#
#.#(.....#
#####........#


You could see a wyvern and an ice beast (wandering).

Vanquished Creatures
  Sigmund (D:5)
  A hungry ghost (D:7)
  A water moccasin (D:6)
  An orc warrior (D:7)
  9 ogres
  2 phantoms (D:5)
  4 centaurs
  2 ice beasts
  The ghost of Ijustatesigmund the Conjurer, an amateur OpCj of Sif Muna (D:3)
  A giant frog (D:6)
  A big kobold (D:8)
  3 scorpions
  2 hounds (D:7)
  4 crimson imps
  A jelly (D:7)
  4 orc priests
  A giant frog skeleton (D:4)
  5 orc wizards
  4 worker ants
  A worker ant zombie (D:5)
  3 gnolls (D:5)
  9 adders
  An ooze (D:7)
  4 worms
  2 adder skeletons
  3 giant geckos
  27 orcs
  4 giant cockroaches
  5 goblins
  10 hobgoblins
  6 jackals
  11 kobolds
  3 quokkas
  12 bats
  A giant gecko skeleton (D:4)
  4 giant newts
  6 rats
160 creatures vanquished.

Vanquished Creatures (others)
  An adder (D:4)
1 creature vanquished.

Grand Total: 161 creatures vanquished

Notes
Turn   | Place    | Note
--------------------------------------------------------------
     0 | D:1      | Ijustatesigmund the Octopode Conjurer began the quest for the Orb.
     0 | D:1      | Reached XP level 1. HP: 11/11 MP: 3/3
   442 | D:1      | Reached XP level 2. HP: 9/17 MP: 5/5
   589 | D:1      | Learned a level 2 spell: Searing Ray
   910 | D:1      | Reached XP level 3. HP: 18/21 MP: 6/6
   968 | D:1      | Reached skill level 1 in Unarmed Combat
  1521 | D:2      | Found a bloodstained altar of Trog.
  1545 | D:2      | Learned a level 3 spell: Dazzling Spray
  1817 | D:2      | Reached XP level 4. HP: 25/27 MP: 2/7
  2344 | D:3      | Reached skill level 5 in Stealth
  2631 | D:3      | Found a deep blue altar of Sif Muna.
  2684 | D:3      | Reached skill level 5 in Conjurations
  2684 | D:3      | Reached XP level 5. HP: 18/31 MP: 3/8
  2822 | D:3      | Identified Sif Muna's Volume of Sinister Secrets
  2920 | D:3      | Noticed Ijustatesigmund's ghost (amateur OpCj)
  3051 | D:3      | Killed Ijustatesigmund's ghost
  3051 | D:3      | Reached skill level 6 in Stealth
  3051 | D:3      | Reached XP level 6. HP: 31/36 MP: 2/9
  4499 | D:4      | Found a staircase to the Ecumenical Temple.
  4508 | Temple   | Entered the Ecumenical Temple
  4708 | Temple   | Became a worshipper of Sif Muna the Loreminder
  4793 | D:5      | Entered Level 5 of the Dungeon
  4896 | D:5      | Reached XP level 7. HP: 27/41 MP: 5/10
  4998 | D:5      | Reached skill level 7 in Conjurations
  5532 | D:5      | Learned a level 4 spell: Iskenderun's Mystic Blast
  5827 | D:5      | Reached skill level 1 in Hexes
  5827 | D:5      | Reached skill level 1 in Invocations
  6327 | D:5      | Noticed Sigmund
  6335 | D:5      | Killed Sigmund
  6335 | D:5      | Acquired Sif Muna's first power
  6335 | D:5      | Reached skill level 8 in Conjurations
  6335 | D:5      | Reached XP level 8. HP: 35/46 MP: 4/11
  6875 | D:5      | Reached skill level 1 in Throwing
  7207 | D:6      | Found a snail-covered altar of Cheibriados.
  7207 | D:6      | Found a basalt altar of Yredelemnul.
  7207 | D:6      | Found a radiant altar of Vehumet.
  7241 | D:6      | Reached skill level 9 in Conjurations
  7290 | D:6      | Found a shimmering altar of Xom.
  7531 | D:6      | Acquired Sif Muna's second power
  7531 | D:6      | Reached XP level 9. HP: 51/51 MP: 4/12
  7916 | D:6      | Reached skill level 1 in Fighting
  8390 | D:6      | Reached skill level 1 in Slings
  8652 | D:6      | Found a stormy altar of Qazlal.
  9214 | D:7      | Found a sparkling altar of Nemelex Xobeh.
  9272 | D:7      | Found a snail-covered altar of Cheibriados.
 10383 | D:7      | Reached skill level 10 in Conjurations
 10682 | D:8      | Found a sacrificial altar of Ru.
 10690 | D:8      | Got a scorched battleaxe
 10694 | D:8      | Identified the cursed +0 battleaxe "Dyitufa" {vamp, rF+ rN+ MR+} (You found it on level 8 of the Dungeon)
 11353 | D:8      | Found a white marble altar of Elyvilon.
 11367 | D:8      | Slain by a wyvern

Vault maps used:
D:1:      ncdulo_halloftheorcs
D:2:      lemuel_coloured_pillars_altar
D:3:      led_sif_book
D:4:      minmay_temple_entry_poolview, lemuel_old_faithful
D:5:      first_bread, uniq_sigmund
D:6:      kennysheep_mini, nicolae_overflow_hidden_temple,
          gammafunk_temple_overflow_forgotten
D:7:      lemuel_round_altar, grunt_ogre_cave, nrook_pool_corridor,
          lemuel_statue_altar
D:8:      overflow_temple_1_default, basic_altar, uniq_erolcha, uniq_maurice
Temple:   minmay_temple_bridge_a_8

Action                   |  1- 3 |  4- 6 |  7- 9 || total
-------------------------+-------+-------+-------++-------
Melee: Unarmed           |    15 |       |       ||    15
       Hand axe          |    44 |    62 |    90 ||   196
 Fire: Hunting sling     |       |       |    31 ||    31
Throw: Javelin           |       |       |    10 ||    10
 Cast: Magic Dart        |    19 |    48 |    95 ||   162
       Searing Ray       |       |     6 |    35 ||    41
  Use: Scroll            |     5 |    10 |     7 ||    22
       Potion            |       |       |     2 ||     2
 Stab: Sleeping          |    11 |    11 |     8 ||    30
       Distracted        |     1 |       |       ||     1
  Eat: Chunk             |     3 |     6 |    15 ||    24
       Fruit             |       |     2 |       ||     2
       Beef jerky        |       |     1 |       ||     1
       Royal jelly       |       |       |     2 ||     2
       Bread ration      |       |       |     2 ||     2
